cohdb
Replays
Latest Replays
All Replays
Popular Replays
Top Player Replays
Match Explorer
How It Works
Community
CoH3 Stats
Reddit
Sign in to upload your games and track your stats! →
Sign in with Steam
Match 38325882
Unlisted
Match 38325882
Overview
Messages
Build Orders
End
Scout Squad
Selects Airborne Battlegroup
Selects Pathfinders
Construct Weapon Support Center
M1919 Machine Gun Team
Mechanized Support Center
M16 Multiple Gun Motor Carriage
Selects Paratrooper Squad Paradrop
Paratrooper Squad Paradrop
Construct Medical Station
Paratrooper Squad Paradrop
Construct Tank Depot
Engineer Squad
M4A1 Sherman Medium Tank
Selects Anti-tank Gun Team Paradrop
Anti-tank Gun Team Paradrop
dr.acola
Tyron L
Tanith's Finest
DasFuhrer
0
0
Comments
sign in to comment!
No comments posted yet!